 Dungeon Crawl Stone Soup version 0.22-a0-810-g93d1441 (webtiles) character file.

53 zishaf the Insei (level 3, -1/18 HPs)
             Began as a Vine Stalker Transmuter on July 23, 2018.
             Slain by a worker ant (4 damage)
             ... on level 2 of the Dungeon.
             The game lasted 00:02:21 (1544 turns).

zishaf the Insei (Vine Stalker Transmuter)          Turns: 1544, Time: 00:02:21

Health: -1/18      AC:  2    Str: 13    XL:     3   Next: 89%
Magic:  0/7        EV: 12    Int: 13    God:
Gold:   63         SH:  0    Dex: 14    Spells: 6/7 levels left

rFire    . . .     SeeInvis .     - Unarmed
rCold    . . .     Gourm    .   (no shield)
rNeg     . . .     Faith    .   b - +0 robe
rPois    .         Spirit   +   (no helmet)
rElec    .         Reflect  .   (no cloak)
rCorr    .         Harm     .   (no gloves)
MR       .....                  (no boots)
Stlth    +.........             (no amulet)
HPRegen  0.06/turn              (no ring)
MPRegen  0.10/turn              (no ring)

@: lethally poisoned (-1 -> -7)
A: fangs 2, magic shield, antimagic bite, no potion heal 3, rot immunity
a: no special abilities


You were on level 2 of the Dungeon.
You were not hungry.

You visited 1 branch of the dungeon, and saw 2 of its levels.

You collected 63 gold pieces.

Inventory:

Missiles
 a - 46 arrows
Armour
 b - a +0 robe (worn)
Scrolls
 e - 4 scrolls of identify {unknown}
 f - 4 scrolls of teleportation {unknown}
 g - a scroll of enchant armour {unknown}
 l - 3 scrolls of magic mapping {unknown}
 m - a scroll of blinking {unknown}
Potions
 h - a potion of haste {unknown}
 i - a potion of curing {unknown}
 j - a potion of lignification {unknown}
 k - a potion of berserk rage {unknown}
Comestibles
 c - 3 chunks of flesh
 d - 4 rations


   Skills:
 + Level 1.5 Fighting
 + Level 2.0 Dodging
 + Level 3.4 Unarmed Combat
 + Level 2.6 Spellcasting
 + Level 2.5 Transmutations


You had 6 spell levels left.
You knew the following spells:

 Your Spells              Type           Power        Failure   Level  Hunger
a - Beastly Appendage     Tmut           #.....       9%          1    #......

Your spell library contained the following spells:

 Spells                   Type           Power        Failure   Level  Hunger
 Spider Form              Tmut/Pois      #.........   38%         3    ###....
 Blade Hands              Tmut           #.........   93%         5    ######.
 Ice Form                 Ice/Tmut       #.......     80%         4    #####..
 Sticks to Snakes         Tmut           #.......     13%         2    ###....


Dungeon Overview and Level Annotations

Branches:
Dungeon (2/15)

Altars:
Xom


Innate Abilities, Weirdness & Mutations

You have extremely sharp teeth.
When hurt, damage is shared between your health and your magic reserves.
Your bite disrupts and absorbs the magic of your enemies.
Potions cannot restore your health.
You are immune to rotting.


Message History

You punch the worker ant! Your bite misses the worker ant.
The worker ant is severely wounded.
You feel sick. The worker ant bites you.
You hit the worker ant but do no damage.
The worker ant is severely wounded.
The worker ant misses you.
You barely miss the worker ant. Your bite misses the worker ant.
The worker ant is severely wounded.
You feel sick. The worker ant closely misses you.
You hit the worker ant.
You punch the worker ant, but do no damage.
The worker ant is almost dead.
The worker ant bites you.
* * * LOW HITPOINT WARNING * * *
You closely miss the worker ant.
You bite the worker ant, but do no damage.
The worker ant is almost dead.
* * * LOW HITPOINT WARNING * * *
You feel sick. The worker ant bites you!
You die...

#.....#######..#
#$##..#.(.........#
...........a...##.#
.#######.#####.#
#.# .# #.#####.##.#
#...)......# .#
#a.####.#### .#
#@.## .. #.#
#####...## #.#
.........#### #.#
##..........######
###.#
##.......#........
....#
#................#
##..#
#.##...###........
##..###### #.###..#
#)#####.#
.........# #.#....#
#.#


You could see a worker ant.

Vanquished Creatures
  An adder (D:2)
  A dart slug (D:1)
  2 leopard geckos (D:1)
  3 giant cockroaches (D:1)
  6 goblins
  5 hobgoblins
  2 jackals (D:1)
  A quokka (D:2)
  A ball python (D:2)
  4 bats
  3 frilled lizards
  5 kobolds
  4 rats (D:1)
38 creatures vanquished.

Notes
Turn   | Place    | Note
-------+----------+-------------------------------------------
     0 | D:1      | zishaf the Vine Stalker Transmuter began the quest for the Orb.
     0 | D:1      | Reached XP level 1. HP: 9/9 MP: 4/4
    40 | D:1      | Reached skill level 1 in Fighting
   225 | D:1      | Reached XP level 2. HP: 14/14 MP: 6/6
   576 | D:1      | Reached XP level 3. HP: 10/18 MP: 5/7
   982 | D:2      | Found a shimmering altar of Xom.
  1544 | D:2      | Slain by a worker ant

Vault maps used:
D:1:      dpeg_arrival_round_b
D:2:      first_ration, brannock_xom_greatest_gift

Skill      XL: |  1  2  3 |
---------------+----------+-----
Fighting       | 1 |  1.5
Dodging        | 2 |  2.0
Unarmed Combat | |  3.4
Spellcasting   | |  2.6
Transmutations | |  2.5

Action                   || total
-------------------------++-------
Melee: Unarmed           ||   139
       Bite              ||    26
       Punch             ||     3
 Stab: Sleeping          ||     4
  Eat: Chunk             ||     2
Armor: Robe              ||    17
Dodge: Dodged            ||    88

Table legend:
 A = Spawn XP
 B = Non-spawn XP
 C = Spawn XP percentage of total XP
 D = Spawn monster count
 E = Non-spawn monster count
 F = Spawn count percentage of total count
 G = Total turns spent on level
                    A         B        C        D         E        F      G
               +---------+---------+-------+---------+---------+-------+---------
         Total |       0 |      77 |   0.0 |       0 |      38 |   0.0 |  1544
               +---------+---------+-------+---------+---------+-------+---------
           D:1 |       0 |      46 |   0.0 |       0 |      26 |   0.0 |   922
           D:2 |       0 |      31 |   0.0 |       0 |      12 |   0.0 |   622
               +---------+---------+-------+---------+---------+-------+---------
